 Dungeon Crawl Stone Soup version 0.30-a0-341-g682706514a (webtiles) character file.

Game seed: 17938603960165453433

62 retardedninja the Trooper (level 4, -5/40 HPs)
             Began as a Hill Orc Fighter on Nov 1, 2022.
             Killed by divine providence
             ... invoked by an orc priest
              (9 damage)
             ... on level 3 of the Dungeon.
             The game lasted 00:02:34 (1977 turns).

retardedninja the Trooper (Hill Orc Fighter)        Turns: 1977, Time: 00:02:34

Health: -5/40      AC:  8    Str: 20    XL:     4   Next: 8%
Magic:  4/4        EV:  9    Int:  8    God:
Gold:   134        SH:  0    Dex: 10    Spells: 3/3 levels left

rFire   . . .      SeeInvis .    a - +0 war axe
rCold   . . .      Faith    .    l - orb {mayhem}
rNeg    . . .      Spirit   .    b - +0 scale mail
rPois   .          Reflect  .    (no helmet)
rElec   .          Harm     .    (no cloak)
rCorr   .          Rampage  .    (no gloves)
Will    .....                    p - +0 pair of boots
Stlth   ..........               (no amulet)
HPRegen 0.26/turn                (no ring)
MPRegen 0.09/turn                (no ring)

@: no status effects
A: no striking features
a: Convert to Beogh


You were on level 3 of the Dungeon.
You visited 1 branch of the dungeon, and saw 3 of its levels.

You collected 134 gold pieces.

Inventory:

Hand Weapons
 a - a +0 war axe (weapon)
Armour
 b - a +0 scale mail (worn)
 l - an orb of mayhem (worn)
 p - a +0 pair of boots (worn)
Jewellery
 i - a ring of fire
Scrolls
 e - a scroll of enchant armour {unknown}
 f - a scroll of poison {unknown}
 g - a scroll of fear {unknown}
 k - a scroll of identify {unknown}
 n - 2 scrolls of amnesia {unknown}
 o - a scroll of vulnerability {unknown}
Potions
 d - a potion of might
 h - a potion of flight {unknown}
 j - a potion of invisibility {unknown}
 m - a potion of ambrosia {unknown}


   Skills:
 + Level 4.2 Fighting
 + Level 3.5 Axes
 + Level 3.9 Armour
 + Level 3.9 Shields


You had 3 spell levels left.
You didn't know any spells.
Your spell library contained the following spells:

 Spells                   Type           Power      Damage    Failure   Level
 Kiss of Death            Conj/Necr      0%         2d5       77%         1
 Confusing Touch          Hex            0%         N/A       98%         3
 Hailstorm                Conj/Ice       0%         3d3       98%         3
 Dispel Undead            Necr           0%         3d6       100%        4
 Ice Form                 Ice/Tmut       0%         N/A       100%        4
 Olgreb's Toxic Radiance  Pois           0%         N/A       100%        4
 Simulacrum               Ice/Necr       0%         N/A       100%        6
 Ozocubu's Refrigeration  Ice            0%         4d7       100%        7
 Ignition                 Fire           0%         3d3       100%        8


Dungeon Overview and Level Annotations

Branches:
Dungeon (3/15)

Altars:


Message History

The orc priest mumbles some strange prayers to Beogh against you.
Pain shoots through your body!
The orc priest shouts, "Surrender to Beogh and we'll let you live!"
The orc priest barely misses you. The orc hits you but does no damage.
You hit the orc priest but do no damage.
The orc priest is heavily wounded.
You barely miss the orc priest. You slash the orc!
You kill the orc!
The orc flies into a frenzy!
The orc priest shouts, "Surrender to Beogh and we'll let you live!"
The orc closely misses the orc priest.
The orc priest hits you with a +0 hand axe.
The orc priest hits the orc with a +0 hand axe.
The orc priest invokes the aid of Beogh against you.
Pain shoots through your body!
The orc barely misses the orc priest.
You are too injured to fight recklessly!
Unknown command.
You are too injured to fight recklessly!
Unknown command.
You are too injured to fight recklessly!
Unknown command.
You are too injured to fight recklessly!
Unknown command.
You are too injured to fight recklessly!
Unknown command.
You slash the orc priest!
The orc priest is almost dead.
You hit the orc priest.
The orc priest threatens, "By the altar or by the axe, you will meet Beogh!"
The orc barely misses the orc priest.
The orc priest calls down the wrath of Beogh upon you.
Pain shoots through your body!
* * * LOW HITPOINT WARNING * * *
The orc priest closely misses you.
The orc wizard misses the orc.
The orc hits the orc priest with a +0 flail!
The orc priest hits you with a +2 vorpal falchion.
* * * LOW HITPOINT WARNING * * *
x2 The orc priest calls down the wrath of Beogh upon you.
Beogh smites you!
You die...

#######.# #.......# #.#
#..# #.# #..# #
#.####.#### #..
###.#.......######
#...###...[.##.##.##....
....o.o.....##.##.##....
.....oo@....##..........
......).....##.##.##...>
[....##.....##.##.##....
.... #####<......######
... ####.#### .. #.# ###
. #.###.#####
#.......... #..........


You could see 2 orc priests, an orc wizard and a neutral orc (fast, strong,
insane, distracted).

Vanquished Creatures
  An adder (D:2)
  A dart slug (D:1)
  An orc (D:3)
  4 ball pythons
  4 bats
  7 endoplasms
  2 giant cockroaches (D:2)
  7 goblins
  6 hobgoblins
  3 jackals (D:1)
  2 quokkas
  2 frilled lizards (D:1)
  2 kobolds (D:2)
42 creatures vanquished.

Notes
Turn   | Place    | Note
-------+----------+-------------------------------------------
     0 | D:1      | retardedninja the Hill Orc Fighter began the quest for the
                  | Orb.
     0 | D:1      | Reached XP level 1. HP: 19/19 MP: 1/1
    66 | D:1      | Reached XP level 2. HP: 27/27 MP: 2/2
   460 | D:1      | Reached skill level 4 in Fighting
   592 | D:1      | Reached XP level 3. HP: 31/33 MP: 3/3
  1161 | D:2      | Found a faded altar of an unknown god.
  1876 | D:3      | Reached XP level 4. HP: 40/40 MP: 4/4
  1977 | D:3      | Killed from afar by an orc priest

Illustrated notes

Levels and vault maps discovered:
D:1:      minmay_arrival_up_and_down, layout_loops_ring
D:2:      layout_basic, shapermc_ecumenical_altar_starsandcircs,
          amcnicky_mini_corridor_feature
D:3:      layout_loops_cross, nrook_mini_vaults, hangedman_decor_points,
          corexii_leaking_fountain, uniq_jessica, uniq_terence

Skill      XL: |  1  2 |
---------------+-------+-----
Axes           | 3 |  3.5
Fighting       | 4 |  4.2
Armour         | |  3.9
Shields        | |  3.9

Action                   |  1- 3 |  4- 6 || total
-------------------------+-------+-------++-------
Melee: War axe           |   125 |     9 ||   134
Armor: Scale mail        |    68 |     5 ||    73
Dodge: Dodged            |    64 |     5 ||    69
Block: Buckler           |    15 |       ||    15

Table legend: (Time is in decaauts)
 A = Elapsed time spent in this place.
 B = Non-inter-level travel time spent in this place.
 C = Inter-level travel time spent in this place.
 D = Time resting spent in this place.
 E = Time spent auto-exploring this place.
 F = Levels seen in this place.
 G = Mean time per level.
                   A        B        C        D        E       F      G
               +--------+--------+--------+--------+--------+-----+--------+
         Total |   2029 |   1941 |     88 |      0 |   1608 |   3 |  676.3 |
       Dungeon |   2029 |   1941 |     88 |      0 |   1608 |   3 |  676.3 |
               +--------+--------+--------+--------+--------+-----+--------+

Top non-repeatable levels by time:
     D:2: 1098 daAuts
     D:1: 823 daAuts
     D:3: 106 daAuts
